Map: Dusk Towers

Players

Ocsusu - Winner!

  • Race: Terran Terran

ILLBdA

  • Race: Protoss Protoss
  • League: Diamond

VOD

Have the link to the VOD?

Description

Time

  • Played on: Dec. 31, 2015, 5:29 a.m.
  • Length: 10:07
Show
View Real Time Build Order
Export as new Build Order

Ocsusu Terran - Winner!

Build Orders: MMM Bio 

Get SALT Encoding   

  12  0:01  SCV  
  13  0:13  SCV  
  14  0:17  Supply Depot  
  14  0:25  SCV  
  15  0:35  Refinery  
  15  0:40  Barracks  
  15  0:44  SCV  
  16  0:56  SCV  
  17  1:03  Supply Depot  
  17  1:08  SCV  
  18  1:19  Refinery  
  18  1:20  SCV  
  19  1:32  Reaper, Orbital Command  
  20  1:41  Barracks  
  20  1:54  Ghost Academy  
  20  1:59  SCV  
  21  2:11  SCV  
  22  2:22  Barracks Tech Lab  
  22  2:24  SCV  
  23  2:36  SCV  
  24  2:47  Barracks Tech Lab  
  24  2:49  Ghost  
  24  2:51  Personal Cloaking, SCV  
  27  3:06  Supply Depot  
  27  3:09  SCV  
  27  3:12  Ghost  
  30  3:24  Ghost  
  31  3:40  Ghost  
  33  3:52  Engineering Bay  
  33  4:07  Supply Depot x2  
  32  4:26  Barracks Tech Lab  
  32  4:28  SCV  
  32  4:29  Missile Turret  
  28  4:40  SCV  
  28  4:41  Ghost  
  32  4:52  SCV  
  32  4:54  Command Center  
  32  4:57  Marine  
  33  5:05  SCV  
  34  5:10  Supply Depot  
  34  5:18  SCV  
  34  5:20  Factory  
  35  5:24  Stimpack  
  35  5:30  SCV  
  36  5:43  Combat Shields, Marine x2  
  36  5:46  SCV  
  33  6:11  Marine x2  
  33  6:13  Factory Reactor, Starport  
  33  6:14  Orbital Command  
  35  6:20  Terran Infantry Weapons Level 1  
  35  6:30  Marauder x2  
  35  6:31  SCV  
  40  6:48  SCV x2  
  40  6:50  Missile Turret, Marine  
  40  6:51  Marine  
  44  6:57  Medivac x2  
  48  7:06  SCV  
  48  7:08  Refinery  
  49  7:12  Factory Reactor  
  49  7:17  Barracks  
  49  7:18  SCV  
  49  7:21  Marine x2  
  52  7:27  Medivac  
  54  7:31  SCV x2  
  56  7:39  Marauder x2  
  56  7:43  SCV x2  
  62  7:59  Supply Depot x2  
  62  8:12  Concussive Shells  
  62  8:14  Supply Depot  
  62  8:20  SCV x2, Marauder, Marine x2  
  62  8:21  Marauder  
  57  9:04  Marauder x2, Marine x2  
  57  9:06  SCV x2  
  65  9:14  Medivac x2  
  65  9:15  Refinery  
  69  9:26  Barracks, Marine  
  69  9:27  Marauder x2, Barracks, Marine  
  69  9:28  Command Center  
  69  9:30  Armory  
  75  9:33  Supply Depot  
  84  10:04  Bunker  
Show
View Real Time Build Order
Export as new Build Order

ILLBdA Protoss 

Build Orders: Oracle Opening 

Get SALT Encoding   

  12  0:01  Probe (Chrono Boost)  
  13  0:12  Probe (Chrono Boost)  
  14  0:20  Pylon  
  14  0:22  Probe (Chrono Boost)  
  15  0:39  Probe (Chrono Boost), Gateway  
  16  0:49  Probe (Chrono Boost)  
  17  0:50  Assimilator  
  17  0:55  Assimilator  
  17  1:00  Probe (Chrono Boost)  
  18  1:10  Probe (Chrono Boost)  
  18  1:11  Gateway  
  19  1:21  Probe (Chrono Boost)  
  20  1:27  Cybernetics Core  
  20  1:31  Pylon  
  20  1:32  Probe (Chrono Boost)  
  21  1:42  Probe (Chrono Boost)  
  22  1:53  Probe (Chrono Boost)  
  23  2:04  Mothership Core (Chrono Boost)  
  23  2:06  Adept (Chrono Boost)  
  27  2:13  Pylon  
  29  2:17  Adept (Chrono Boost)  
  30  2:30  Adept (Chrono Boost)  
  32  2:44  Adept (Chrono Boost)  
  32  2:47  Stargate  
  32  2:53  Probe  
  32  2:54  Adept (Chrono Boost)  
  35  3:02  Pylon  
  35  3:13  Pylon  
  35  3:15  Pylon  
  35  3:21  Warp Gate (Chrono Boost)  
  33  3:28  Pylon  
  33  3:31  Adept  
  34  3:35  Oracle (Chrono Boost)  
  32  3:53  Probe  
  29  4:05  Probe  
  29  4:17  Oracle (Chrono Boost)  
  29  4:21  Probe  
  27  4:33  Probe  
  28  4:46  Mothership Core  
  28  4:49  Nexus  
  28  4:50  Pylon  
  33  5:00  Oracle (Chrono Boost)  
  33  5:07  Probe  
  34  5:19  Probe  
  35  5:30  Stalker x2  
  35  5:31  Probe  
  40  5:43  Probe  
  40  5:45  Oracle (Chrono Boost)  
  44  5:55  Probe  
  43  6:05  Stalker  
  43  6:07  Probe  
  40  6:11  Probe (Chrono Boost)  
  41  6:20  Probe (Chrono Boost)  
  41  6:23  Probe (Chrono Boost)  
  43  6:31  Probe (Chrono Boost), Twilight Council  
  44  6:34  Probe (Chrono Boost)  
  45  6:41  Probe (Chrono Boost)  
  45  6:44  Probe (Chrono Boost)  
  47  6:51  Assimilator  
  47  6:52  Probe (Chrono Boost)  
  48  6:55  Probe (Chrono Boost), Blink (Chrono Boost), Assimilator  
  48  6:56  Pylon  
  48  7:00  Stalker x2  
  53  7:02  Probe (Chrono Boost)  
  53  7:04  Probe (Chrono Boost)  
  55  7:13  Probe  
  55  7:14  Probe  
  57  7:24  Gateway  
  57  7:25  Gateway  
  57  7:28  Oracle (Chrono Boost)  
  60  7:34  Stalker  
  62  7:37  Probe  
  62  7:38  Probe  
  64  7:45  Stalker  
  64  7:50  Probe, Pylon  
  67  8:00  Stalker  
  67  8:04  Pylon  
  69  8:17  Gateway  
  69  8:20  Gateway  
  69  8:23  Stalker x3  
  60  8:46  Stalker  
  60  8:47  Stalker x2  
  56  8:55  Oracle (Chrono Boost)  
  58  9:03  Stalker  
  60  9:11  Stalker x3  
  60  9:16  Stalker x2  
  70  9:23  Probe x2  
  72  9:28  Stalker  
  74  9:33  Stalker  
  74  9:34  Stalker  
  78  9:42  Pylon  
  78  9:45  Stalker x2  
  82  9:54  Stalker  
Tags
 
Composition
MMM Bio
League
Diamond
Matchup
PvT
Replay Pack
me
Add a new tag
Caveats
  • Supply blocks, unpowered buildings, or Contaminate may cause inaccurate times.
  • Supply counts are checked every 10 seconds.